 Dungeon Crawl Stone Soup version 0.30-a0-778-g2ef04afb54 (webtiles) character file.

Game seed: 17830424628163123211

8211 mistaj the Cleaver (level 11, 0/60 HPs)
             Began as a Vine Stalker Fighter on Feb 16, 2023.
             Was an Initiate of Gozag.
             Slain by a troll (6 damage)
             ... on level 10 of the Dungeon.
             The game lasted 00:16:22 (8792 turns).

mistaj the Cleaver (Vine Stalker Fighter)           Turns: 8792, Time: 00:16:23

Health: 0/60       AC: 19    Str: 22    XL:     11   Next: 27%
Magic:  0/14       EV:  6    Int:  8    God:    Gozag
Gold:   1556       SH:  0    Dex: 15    Spells: 13/13 levels left

rFire   . . .      SeeInvis .    B - +5 battleaxe
rCold   . . .      Faith    .    (shield currently unavailable)
rNeg    + . .      Spirit   +    E - +0 plate armour
rPois   .          Reflect  .    g - +0 hat
rElec   .          Harm     .    q - +0 cloak
rCorr   .          Rampage  .    v - +0 pair of gloves
Will    +....                    k - +1 pair of boots Stlth
                                 e - amulet of magic regeneration
HPRegen 1.10/turn                y - ring of positive energy
MPRegen 0.54/turn                h - +4 ring of protection

@: no status effects
A: fangs 3, regeneration 1, magic shield, antimagic bite, no potion heal 2
a: Renounce Religion, Potion Petition, Call Merchant, Bribe Branch


You were on level 10 of the Dungeon.
You worshipped Gozag.
Gozag was most pleased with you.
You visited 1 branch of the dungeon, and saw 10 of its levels.

You collected 1657 gold pieces.
You paid 101 gold pieces to Gozag.

Inventory:

Hand Weapons
 a - a +0 war axe
 z - a +2 whip of freezing
 B - a +5 battleaxe (weapon)
Armour
 g - a +0 hat (worn)
 k - a +1 pair of boots (worn)
 q - a +0 cloak (worn)
 v - a +0 pair of gloves (worn)
 E - a +0 plate armour (worn)
Jewellery
 e - an amulet of magic regeneration (around neck)
 h - a +4 ring of protection (right hand)
 y - a ring of positive energy (left hand)
Wands
 C - a wand of iceblast (10)
 F - a wand of digging (3)
Scrolls
 b - a scroll of silence
 f - 7 scrolls of teleportation
 j - 3 scrolls of poison
 n - 4 scrolls of enchant armour
 s - 2 scrolls of fog
 u - a scroll of blinking
 D - a scroll of identify
Potions
 c - 2 potions of cancellation
 d - a potion of might
 i - 3 potions of flight
 l - 6 potions of curing
 m - 2 potions of resistance
 o - a potion of brilliance {unknown}
 p - 2 potions of magic {unknown}
 r - a potion of attraction {unknown}
 t - a potion of degeneration {unknown}
 w - a potion of invisibility {unknown}
 x - 2 potions of lignification {unknown}
 A - 3 potions of ambrosia {unknown}


   Skills:
 + Level 8.2 Fighting
 * Level 9.5(10.2) Axes
 - Level 5.4(8.2) Maces & Flails
 - Level 2.4 Armour
 - Level 8.7 Shields
 - Level 1.7 Spellcasting


You had 13 spell levels left.
You didn't know any spells.
Your spell library contained the following spells:

 Spells                   Type           Power      Damage    Failure   Level
 Summon Small Mammal      Summ           0%         N/A       100%        1
 Cigotuvi's Dreadful Rot  Necr/Pois/Air  0%         N/A       100%        2
 Poisonous Vapours        Pois/Air       0%         N/A       100%        2
 Static Discharge         Conj/Air       0%         2-2/arc   100%        2
 Mephitic Cloud           Conj/Pois/Air  0%         N/A       100%        3
 Vhi's Electric Charge    Tloc/Air       0%         N/A       100%        3
 Arcjolt                  Conj/Air       0%         1d10      100%        5
 Lightning Bolt           Conj/Air       0%         1d11      100%        5


Dungeon Overview and Level Annotations

Branches:
Dungeon (10/15)            Temple (0/1) D:6
   Lair: D:8-11         Orc: D:9-12

Altars:
Ashenzari
Dithmenos
Fedhas
Gozag
Kikubaaqudgha
Makhleb
Nemelex Xobeh
Qazlal
Ru
Sif Muna
Trog
Uskayaw
Vehumet
Xom

Annotations:
D:7 3 runed translucent doors, bakla's ghost, novice DsHs


Innate Abilities, Weirdness & Mutations

You have razor-sharp teeth.
Your natural rate of healing is unusually fast.
When hurt, damage is shared between your health and your magic reserves.
Your bite disrupts and absorbs the magic of your enemies.
Potions cannot restore your health.


Message History

Moving in this stuff is going to be slow.
Found a stone staircase leading down.
Found a plate armour.
There is a stone staircase leading down here.
x - 2 puce potions (gained 1)
A troll comes into view.
The troll shouts!
An electric eel comes into view.
The electric eel shoots out a bolt of lightning at you!
The bolt of electricity hits you!
The electric eel shoots out a bolt of lightning at you!
The bolt of electricity hits you!
The electric eel shoots out a bolt of lightning at you!
The bolt of electricity misses you. The troll bites you but does no damage.
The troll claws you! The troll barely misses you.
You closely miss the troll. Your bite misses the troll.
The troll bites you but does no damage.
The troll claws you but does no damage. x2
You slash the troll! You bite the troll. You drain its power.
You feel invigorated.
The troll is moderately wounded.
The electric eel shoots out a bolt of lightning at you!
The bolt of electricity hits you. The troll bites you!
The troll claws you but does no damage. The troll claws you.
The troll bites you but does no damage. The troll claws you. x2
The electric eel shoots out a bolt of lightning at you!
The bolt of electricity hits you.
* * * LOW HITPOINT WARNING * * *
You are too injured to fight recklessly!
You are too injured to fight recklessly!
You are too injured to fight recklessly!
The troll attacks as you move away! The troll bites you but does no damage.
The troll claws you but does no damage. The troll claws you!
* * * LOW HITPOINT WARNING * * *
The electric eel shoots out a bolt of lightning at you!
The bolt of electricity hits you!
* * * LOW HITPOINT WARNING * * *
The troll attacks as you move away! The troll bites you but does no damage.
The troll claws you!
You die...
Your body crumbles into a pile of gold.

#~###...#####+##.#
### #...##.......#
#...##.......#
######.......#
#.......#
#.....[.#
####+##.#
#.##.#####
#...@....#
#...T....#
#........#
#........#
#S.......#
#~~~#+##### .~~~~~
##~~~~~ ##~~~#.


You could see a troll and an electric eel.

Vanquished Creatures
  Gastronok (D:9)
  Pikel (D:7)
  Joseph (D:9)
  A kobold demonologist (D:8)
  2 trolls (D:10)
  Sigmund (D:5)
  2 wyverns (D:9)
  A shadow (D:7)
  6 yaks
  2 steam dragons
  5 ice beasts
  2 orc warriors
  A black bear (D:5)
  A sky beast (D:7)
  3 ogres
  2 centaurs (D:8)
  2 phantoms
  2 kobold brigands
  3 bullfrogs
  2 necrophages (D:7)
  A scorpion (D:4)
  10 wights
  8 howler monkeys
  2 electric eels (D:10)
  4 hounds
  4 orc priests
  3 jellies
  Crazy Yiuf (D:3)
  Natasha (thrice) (D:4)
  2 iguanas
  15 orc wizards
  9 gnolls
  6 adders
  A shadow imp (D:8)
  3 white imps
  An ufetubus (D:4)
  2 worms
  4 dart slugs
  38 orcs
  5 bats
  5 endoplasms
  3 giant cockroaches
  8 goblins
  7 hobgoblins
  9 jackals
  19 kobolds
  7 ball pythons
  5 frilled lizards
  4 rats (D:1)
230 creatures vanquished.

Vanquished Creatures (others)
  An orc (D:8)
1 creature vanquished.

Grand Total: 231 creatures vanquished

Notes
Turn   | Place    | Note
-------+----------+-------------------------------------------
     0 | D:1      | mistaj the Vine Stalker Fighter began the quest for the
                  | Orb.
     0 | D:1      | Reached XP level 1. HP: 11/11 MP: 2/2
    40 | D:1      | Reached skill level 2 in Axes
    59 | D:1      | Reached XP level 2. HP: 16/16 MP: 3/3
   226 | D:1      | Reached XP level 3. HP: 15/19 MP: 4/4
   793 | D:2      | Gained mutation: Your natural rate of healing is unusually
                  | fast. [Vine Stalker growth]
   793 | D:2      | Reached XP level 4. HP: 24/24 MP: 6/6
   878 | D:2      | Reached skill level 1 in Spellcasting
  1797 | D:3      | Reached XP level 5. HP: 10/28 MP: 4/8
  1798 | D:3      | Reached skill level 3 in Axes
  1884 | D:3      | Found a sacrificial altar of Ru.
  1884 | D:3      | Found a sparkling altar of Nemelex Xobeh.
  2030 | D:3      | Found a runed translucent door.
  2031 | D:3      | Noticed Crazy Yiuf
  2038 | D:3      | Killed Crazy Yiuf
  2235 | D:4      | Noticed Natasha
  2240 | D:4      | Killed Natasha
  2351 | D:4      | Noticed Natasha
  2360 | D:4      | Killed Natasha
  2361 | D:4      | Reached XP level 6. HP: 29/32 MP: 7/9
  2389 | D:4      | HP: 1/32 [scorpion (1)]
  2452 | D:4      | Noticed Natasha
  2464 | D:4      | Killed Natasha
  2473 | D:4      | Reached skill level 4 in Axes
  2499 | D:4      | Reached XP level 7. HP: 34/37 MP: 8/10
  2741 | D:4      | Found a bloodstained altar of Trog.
  2822 | D:5      | Entered Level 5 of the Dungeon
  2824 | D:5      | Found an opulent altar of Gozag.
  2833 | D:5      | Became a worshipper of Gozag Ym Sagoz the Greedy
  2840 | D:5      | Reached skill level 5 in Shields
  3118 | D:5      | Noticed Sigmund
  3213 | D:5      | Reached skill level 5 in Axes
  3287 | D:5      | Identified the +6 scale mail of Fumiw {rC+ rN+ Will+ Dex+3}
  3500 | D:5      | Killed Sigmund
  3501 | D:5      | Gained mutation: You have razor-sharp teeth. [Vine Stalker
                  | growth]
  3501 | D:5      | Reached XP level 8. HP: 42/42 MP: 11/11
  4107 | D:6      | Found a staircase to the Ecumenical Temple.
  4411 | D:6      | Reached skill level 6 in Axes
  4526 | D:6      | Found a blossoming altar of Fedhas.
  4578 | D:6      | Found a broken altar of Ashenzari.
  5003 | D:7      | Found a runed translucent gate.
  5009 | D:7      | Found a runed translucent gate.
  5010 | D:7      | Found a runed translucent gate.
  5037 | D:7      | Found a bloodstained altar of Trog.
  5137 | D:7      | Reached skill level 5 in Fighting
  5216 | D:7      | Reached skill level 1 in Maces & Flails
  5216 | D:7      | Reached XP level 9. HP: 47/47 MP: 12/12
  5570 | D:7      | Found a shimmering altar of Xom.
  5570 | D:7      | Found a shadowy altar of Dithmenos.
  5572 | D:7      | Found a burning altar of Makhleb.
  5572 | D:7      | Found a hide-covered altar of Uskayaw.
  5572 | D:7      | Found an opulent altar of Gozag.
  5609 | D:7      | Noticed Pikel
  5636 | D:7      | Killed Pikel
  6037 | D:7      | Noticed a spectral unseen horror
  6037 | D:7      | Noticed bakla's ghost (novice DsHs)
  6457 | D:7      | Reached XP level 10. HP: 44/53 MP: 10/13
  6473 | D:8      | Reached skill level 5 in Maces & Flails
  6597 | D:8      | Noticed a kobold demonologist
  7237 | D:8      | Killed a kobold demonologist
  7238 | D:8      | Reached skill level 7 in Axes
  7548 | D:9      | Noticed Joseph
  7598 | D:9      | Killed Joseph
  7640 | D:9      | Noticed Gastronok
  7666 | D:9      | Killed Gastronok
  7667 | D:9      | Reached skill level 8 in Axes
  7667 | D:9      | Reached XP level 11. HP: 51/59 MP: 12/14
  7687 | D:9      | Identified the -2 buckler "Hyenwudduu" {Int+3 Dex+2 Slay-3}
  7723 | D:9      | Reached skill level 9 in Axes
  8435 | D:10     | Entered Level 10 of the Dungeon
  8502 | D:10     | Found a stormy altar of Qazlal.
  8594 | D:10     | Found a shimmering blue altar of Sif Muna.
  8612 | D:10     | Got Sif Muna's Spellbook of the Comitatus
  8620 | D:10     | Found an ancient bone altar of Kikubaaqudgha.
  8634 | D:10     | Found a radiant altar of Vehumet.
  8792 | D:10     | Slain by a troll

Illustrated notes

Levels and vault maps discovered:
D:1:      beargit_arrival_greenhouse, layout_basic, minmay_misc_feat_rugged
D:2:      layout_basic
D:3:      layout_basic, gammafunk_temple_overflow_elements,
          uniq_crazy_yiuf_cottage
D:4:      layout_rooms, old_standard_altar, fountainhead, uniq_natasha
D:5:      layout_basic, mainiacjoe_overflow_catwalk, minmay_between,
          uniq_sigmund
D:6:      layout_basic, nicolae_ashenzari_panopticon, fedhas_ov_isle_minmay,
          minmay_temple_entry_junction
D:7:      layout_basic, doesnt_xom_only_xom, gammafunk_ghost_necromancy,
          minmay_quadrilaterals, uniq_pikel
D:8:      layout_loops_ring, grunt_ministairs_7, minmay_hedge_maze, minmay_bent
D:9:      nicolae_cairo_tiling, layout_irregular_city, uniq_joseph,
          uniq_gastronok
D:10:     layout_basic, palyth_temple_overflow_mages, lemuel_doored_altar,
          hiddenorc2_lemuel

Skill      XL: |  1  2  3  4  5  6  7  8  9 10 11 |
---------------+----------------------------------+-----
Axes           | 2 3 4 5 6 8 9 |  9.5
Shields        | 3 4 5 6 8 |  8.7
Fighting       | 3 4 5 6 7 8 |  8.2
Spellcasting   | 1 |  1.7
Maces & Flails | 1 4 5 |  5.4
Armour         | |  2.4

Action                     |  1- 3 |  4- 6 |  7- 9 | 10-12 || total
---------------------------+-------+-------+-------+-------++-------
  Melee: War axe           |    57 |   125 |   156 |       ||   338
         Bite              |    18 |    25 |    97 |    72 ||   212
         Whip              |       |       |   160 |    54 ||   214
         Battleaxe         |       |       |       |   154 ||   154
    Use: Scroll            |     1 |     5 |     7 |     2 ||    15
   Stab: Distracted        |       |       |     2 |       ||     2
 Armour: Scale mail        |    31 |    55 |   105 |    70 ||   261
         Plate armour      |       |       |       |    51 ||    51
  Dodge: Dodged            |    13 |    44 |   115 |    82 ||   254
  Block: Buckler           |     4 |       |       |       ||     4
         Kite shield       |    26 |    63 |   141 |    41 ||   271

Table legend: (Time is in decaauts)
 A = Elapsed time spent in this place.
 B = Non-inter-level travel time spent in this place.
 C = Inter-level travel time spent in this place.
 D = Time resting spent in this place.
 E = Time spent auto-exploring this place.
 F = Levels seen in this place.
 G = Mean time per level.
                   A        B        C        D        E       F      G
               +--------+--------+--------+--------+--------+-----+--------+
         Total |   9007 |   8727 |    280 |   1261 |   5131 |  10 |  900.7 |
       Dungeon |   9007 |   8727 |    280 |   1261 |   5131 |  10 |  900.7 |
               +--------+--------+--------+--------+--------+-----+--------+

Top non-repeatable levels by time:
     D:7: 1508 daAuts
     D:5: 1313 daAuts
     D:8: 1003 daAuts
     D:9: 974 daAuts
     D:6: 902 daAuts
     D:2: 888 daAuts
     D:3: 716 daAuts
     D:1: 685 daAuts
     D:4: 633 daAuts
    D:10: 380 daAuts
